 Dungeon Crawl Stone Soup version 0.31.0-32-g396128a36d (webtiles) character file.

Game seed: 13894698476819652620

6 Alphaeus the Changeling (level 1, 13/13 HPs)
             Began as an Octopode Shapeshifter on Mar 19, 2024.
             Was an Initiate of Ru.
             Quit the game on level 1 of the Dungeon.
             The game lasted 00:00:13 (146 turns).

Alphaeus the Changeling (Octopode Shapeshifter)      Turns: 146, Time: 00:00:14

Health: 13/13      AC:  1    Str: 13    XL:     1   Next: 90%
Magic:  1/1        EV: 13    Int: 12    God:    Ru [......]
Gold:   21         SH:  0    Dex: 11    Spells: 0/0 levels left

rFire   . .          .
                       - Unarmed
rCold   . . .        (no shield)
rNeg    . . .        (helmet currently unavailable)
rPois   .            (no amulet)
rElec   .            (no ring)
rCorr   .            (no ring)
SInv    .            (no ring)
Will    .....        (no ring)
Stlth   ++           (no ring)
HPRegen 0.22/turn    (no ring)
MPRegen 0.07/turn    (no ring)
                     (no ring)

%: no passive effects
@: beast-form
A: beast (slay +1), almost no armour, amphibious, 8 rings, camouflage 1,
gelatinous body 1, (nimble swimmer 1), tentacles
a: Begin Untransformation, Renounce Religion


You were on level 1 of the Dungeon.
You worshipped Ru.
Ru was noncommittal.
You were a hulking beast.
You visited 1 branch of the dungeon, and saw 1 of its levels.

You collected 21 gold pieces.

Inventory:

Talismans
 b - a beast talisman
 c - a flux talisman
Potions
 a - a potion of lignification


   Skills:
 + Level 1.2 Fighting
 + Level 2.0 Dodging
 * Level 3.1 Unarmed Combat
 * Level 3.1 Shapeshifting


You couldn't memorise any spells.
You didn't know any spells.
Your spell library was empty.

Dungeon Overview and Level Annotations

Branches:
Dungeon (1/15)

Altars:
Ru


Innate Abilities, Weirdness & Mutations

You are a hulking beast.
Your limbs bulge with bestial killing power. (Slay +1)
You cannot wear most types of armour.
You are amphibious.
You can wear up to eight rings at the same time.
Your skin changes colour to match your surroundings (Stealth+).
Your rubbery body absorbs attacks. (AC +1, EV +1)
((You are camouflaged when in or above water. (Stealth+)))
You have tentacles for arms and can constrict up to eight enemies at once.


Message History

You closely miss the ball python. Your grab misses the ball python.
You squeeze the ball python.
You kill the ball python!
You tentacle-slap the hobgoblin.
You kill the hobgoblin!
You barely miss the endoplasm. The endoplasm hits you.
You tentacle-slap the endoplasm but do no damage.
The endoplasm hits you.
You tentacle-slap the endoplasm. You squeeze the endoplasm.
You kill the endoplasm!
No target in view!
HP restored.
You now have 21 gold pieces (gained 9).
Found a spear.
A quokka comes into view.
The quokka twitches its whiskers.
The quokka barely misses you.
You closely miss the quokka. Your grab misses the quokka.
You squeeze the quokka.
You kill the quokka!
No target in view!
No target in view!
No target in view!
No target in view!
No target in view!
No target in view!
No target in view!
Found a pair of embroidered gloves.
You see here a +2 pair of gloves.
Found a faded altar of an unknown god.
No target in view!
No target in view!
No target in view!
No target in view!
No target in view!
There is a faded altar of an unknown god here.
This altar belongs to (a) Yredelemnul, (b) Ru or (c) Jiyva, but you can't tell which.
Press the corresponding letter to learn more about a god, or press enter to convert or escape to cancel.
Ru accepts your prayer! Ru welcomes you!
Are you sure you want to abandon this character and quit the game? (Confirm with "yes".)

### #.####### #........
###.#######.# #............
#......####..# ######.........
#.....####.P.#h#..#..##########
##.....#...P..#.#..#.......[....
.............#P...P...##########
###.....#.....#...⌠.~.....##...##
............(P#P~⌠⌠⌠~.....##.....
##....#.....P.#P...P.P....##...##
...#......#..#...PPP......##...##
#.........>.#..P..P..P...##.....
#.......#......#..#......###.#).


There were no monsters in sight!

Vanquished Creatures
  2 ball pythons (D:1)
  An endoplasm (D:1)
  A hobgoblin (D:1)
  A quokka (D:1)
5 creatures vanquished.

Notes
Turn   | Place    | Note
-------+----------+-------------------------------------------
     0 | D:1      | Alphaeus the Octopode Shapeshifter began the quest for the
                  | Orb.
     0 | D:1      | Reached XP level 1. HP: 13/13 MP: 1/1
   142 | D:1      | Found a faded altar of an unknown god.
   145 | D:1      | Prayed at the altar of an unknown god.
   145 | D:1      | Became a worshipper of Ru the Awakened
   146 | D:1      | Quit the game

Illustrated notes

Levels and vault maps discovered:
D:1:      tarquinn_simple_flora_water_d, layout_basic,
          shapermc_ecumenical_altar_mp_ritualfount, minmay_pentomino_z2

Action                     || total
---------------------------++-------
  Melee: Unarmed           ||     7
         Tentacles         ||     4
         Constrict         ||     1
 Armour: Skin              ||     2
  Dodge: Dodged            ||     1
